 Dungeon Crawl Stone Soup version 0.19.0-2-gae57169 (webtiles) character file.

13070 Lochraine the Nimble (level 12, -5/92 HPs)
             Began as a Merfolk Gladiator on Nov 5, 2016.
             Was an Elder of Yredelemnul.
             Slain by a polar bear (6 damage)
             ... on level 3 of the Lair of Beasts.
             The game lasted 00:46:47 (10160 turns).

Lochraine the Nimble (Merfolk Gladiator)           Turns: 10160, Time: 00:46:48

Health: -5/92      AC:  8    Str: 15    XL:     12   Next: 2%
Magic:  19/19      EV:  2    Int: 11    God:    Yredelemnul [****..]
Gold:   660        SH:  0    Dex: 18    Spells: 3 memorised, 16 levels left

rFire  + . .     SeeInvis +     b - +9 hunting sling (flame)
rCold  + . .     Gourm    .     X - +2 robe {rC+ rF+}
rNeg   + + +     Faith    .     s - +2 buckler
rPois  ∞         Spirit   .     K - +1 helmet {SInv}
rElec  .         Reflect  +     H - +0 cloak {rPois}
rCorr  .         Harm     .     R - +0 pair of gloves
MR     .....                    (no boots)
Stlth  +++.......               C - +4 amulet of reflection
                                l - ring of poison resistance
                                w - ring of see invisible

@: petrified
A: change form in water, swift swim, stealthy swim, clever 1
a: Recall Undead Slaves, Injury Mirror, Animate Dead, Drain Life, Renounce
Religion


You were on level 3 of the Lair of Beasts.
You worshipped Yredelemnul.
Yredelemnul was greatly pleased with you.
You were not hungry.

You visited 3 branches of the dungeon, and saw 12 of its levels.

You collected 660 gold pieces.

Inventory:

Hand Weapons
 a - a +3 trident
 b - a +9 hunting sling of flaming (weapon)
Missiles
 d - 3 throwing nets
 k - 444 stones (quivered)
Armour
 e - a +2 leather armour of poison resistance
 s - a +2 buckler (worn)
 H - a +0 cloak of poison resistance (worn)
 J - a +1 leather armour of fire resistance
 K - a +1 helmet of see invisible (worn)
 R - a +0 pair of gloves (worn)
 X - a +2 robe of resistance (worn)
 Y - +0 steam dragon scales
Jewellery
 h - an uncursed amulet of regeneration
 i - an uncursed ring of flight
 l - a ring of poison resistance (right hand)
 w - a ring of see invisible (left hand)
 C - a +4 amulet of reflection (around neck)
Wands
 c - a wand of enslavement (13/24)
 o - a wand of iceblast (5/15)
 F - a wand of random effects (12/48)
 M - a wand of paralysis (9/24)
Scrolls
 g - 3 scrolls of enchant weapon
 m - 8 scrolls of remove curse
 r - 2 scrolls of recharging
 y - a scroll of immolation
 E - 4 scrolls of identify
 G - 2 scrolls of blinking
 P - a scroll of teleportation {unknown}
 W - 2 scrolls of fear
Potions
 j - a potion of magic
 q - 3 potions of might
 u - 2 potions of agility
 x - 2 potions of invisibility
 z - 4 potions of flight
 A - 3 potions of curing
 I - 4 potions of lignification
 L - 3 potions of heal wounds {unknown}
 N - a potion of cancellation {unknown}
 O - 2 potions of degeneration {unknown}
 Q - 2 potions of mutation {unknown}
 S - 2 potions of haste {unknown}
 U - a potion of berserk rage {unknown}
 Z - a potion of brilliance {unknown}
Books
 B - the Tome of Supportive Cold
   (You found it on level 4 of the Dungeon)

   Spells                             Type                      Level
   a - Freeze                         Ice                          1
   b - Summon Small Mammal            Summoning                    1
   c - Throw Frost                    Conjuration/Ice              2
   d - Call Imp                       Summoning                    2
   e - Call Canine Familiar           Summoning                    3
   f - Ice Form                       Ice/Transmutation            4
   g - Ozocubu's Refrigeration        Ice                          6
 T - a book of Power

   Spells                             Type                      Level
   a - Fulminant Prism                Conjuration/Hexes            4
   b - Iskenderun's Mystic Blast      Conjuration                  4
   c - Venom Bolt                     Conjuration/Poison           5
   d - Bolt of Magma                  Conjuration/Fire/Earth       5
   e - Iron Shot                      Conjuration/Earth            6
   f - Orb of Destruction             Conjuration                  7
   g - Spellforged Servitor           Conjuration/Summoning        7
 V - a book of Party Tricks

   Spells                             Type                      Level
   a - Summon Butterflies             Summoning                    1
   b - Apportation                    Translocation                1
   c - Lesser Beckoning               Translocation                3
   d - Tukima's Dance                 Hexes                        3
   e - Alistair's Intoxication        Transmutation/Poison         5
   f - Invisibility                   Hexes                        6
Comestibles
 f - 4 bread rations
 n - 8 beef jerkies
 p - 3 meat rations
 v - 3 chunks of flesh
 D - a royal jelly


   Skills:
 + Level 7.9 Fighting
 - Level 11.3 Polearms
 + Level 6.7(6.8) Slings
 - Level 2.0(5.4) Throwing
 - Level 11.5 Dodging
 - Level 3.1 Stealth
 - Level 4.2 Shields
 - Level 5.0 Spellcasting
 - Level 5.3 Summonings
 - Level 6.1 Invocations


You had 16 spell levels left.
You knew the following spells:

 Your Spells              Type           Power        Failure   Level  Hunger
a - Summon Small Mammal   Summ           ##..         2%          1    None
b - Call Canine Familiar  Summ           ##......     10%         3    ###....
c - Summon Butterflies    Summ           ##......     2%          1    None


Dungeon Overview and Level Annotations

Branches:
Dungeon (8/15)             Temple (1/1) D:4            Lair (3/6) D:8
  Swamp: Lair:2-4    Shoals: Lair:2-4     Snake: Lair:2-4    Spider: Lair:2-4

Altars:
Ashenzari
Cheibriados
Dithmenos
Elyvilon
Fedhas
Gozag
Hepliaklqana
Kikubaaqudgha
Makhleb
Nemelex Xobeh
Okawaru
Qazlal
Ru
Sif Muna
Trog
Uskayaw
Vehumet
Xom
Yredelemnul
Zin
The Shining One

Annotations:
Lair:1 exclusion: oklob plant


Innate Abilities, Weirdness & Mutations

You revert to your normal form in water.
You are very nimble and swift while swimming.
You are very stealthy in the water. (Stealth+)
Your mind is acute. (Int +2)


Message History

* * * LOW HITPOINT WARNING * * *
The polar bear bites you.
* * * LOW HITPOINT WARNING * * *
The polar bear claws you but does no damage.
The polar bear claws you.
* * * LOW HITPOINT WARNING * * *
The basilisk bites you!
* * * LOW HITPOINT WARNING * * *
The wolf bites you. The polar bear bites you.
* * * LOW HITPOINT WARNING * * *
The polar bear claws you but does no damage.
The polar bear claws you.
* * * LOW HITPOINT WARNING * * *
The basilisk bites you!
* * * LOW HITPOINT WARNING * * *
The wolf bites you but does no damage. The wolf bites you!
* * * LOW HITPOINT WARNING * * *
The polar bear bites you!
You die...
Your body rises from the dead as a mindless zombie.

..## ..#
...(.........
...
.....#...... .
.#..
.....#.....##.)
.....(.........
...............
..%............
........h...P..
......l@hh#
......h.h..#
#.(.......##
#(.........#
#.........##
#.#..##.... #
##. #...## ##
#...#


You could see a polar bear, a basilisk and 4 wolves.

Vanquished Creatures
  A hydra (Lair:2)
  Erica (D:8)
  A black mamba (Lair:2)
  A spiny frog (Lair:2)
  3 komodo dragons (Lair:1)
  A two-headed ogre (D:8)
  Prince Ribbit (D:5)
  6 blink frogs (Lair:1)
  3 hippogriffs
  Sigmund (D:5)
  9 yaks (Lair:2)
  Eustachio (D:5)
  A steam dragon (D:8)
  A water moccasin (D:7)
  2 porcupines (Lair:2)
  2 sky beasts
  3 black bears
  2 orc warriors
  The ghost of Leybi the Skirmisher, an amateur MiFi (D:3)
  An eye of draining (D:8)
  A phantom (D:7)
  4 ogres
  5 centaurs
  5 wolves (Lair:2)
  3 big kobolds
  3 crocodiles
  10 bullfrogs
  5 scorpions
  8 wights
  A howler monkey (D:7)
  2 crimson imps
  A quasit (D:6)
  6 hounds
  4 orc priests
  2 jellies
  8 orc wizards
  A bullfrog skeleton (D:7)
  3 iguanas
  4 worker ants
  A killer bee zombie (D:6)
  A hound zombie (D:8)
  A hound skeleton (D:8)
  8 adders
  A howler monkey skeleton (D:7)
  19 gnolls
  A shadow imp (D:7)
  12 white imps (Lair:1)
  2 oozes
  An adder zombie (D:5)
  2 adder skeletons
  A worm (D:3)
  2 dart slugs
  5 leopard geckos
  16 orcs
  2 ball pythons
  3 giant cockroaches
  28 goblins
  33 hobgoblins
  15 jackals
  2 quokkas
  6 bats
  8 frilled lizards
  11 kobolds
  A leopard gecko skeleton (D:4)
  A leopard gecko zombie (D:5)
  A quokka zombie (D:6)
  12 rats
314 creatures vanquished.

Vanquished Creatures (collateral kills)
  3 elephants (Lair:2)
  A black mamba (Lair:2)
  A polar bear (Lair:2)
  2 blink frogs (Lair:2)
  A water moccasin (Lair:2)
  2 wolves (Lair:2)
  An adder (D:7)
11 creatures vanquished.

Vanquished Creatures (others)
  A black mamba zombie (Lair:2)
  3 yak zombies (Lair:2)
  A bullfrog zombie (Lair:2)
  A porcupine zombie (Lair:2)
  2 mummies
  A plant (Lair:2)
9 creatures vanquished.

Grand Total: 334 creatures vanquished

Notes
Turn   | Place    | Note
-------+----------+-------------------------------------------
     0 | D:1      | Lochraine the Merfolk Gladiator began the quest for the Orb.
     0 | D:1      | Reached XP level 1. HP: 16/16 MP: 1/1
   190 | D:1      | Reached XP level 2. HP: 22/22 MP: 2/2
   305 | D:1      | Reached skill level 5 in Polearms
   614 | D:1      | Reached XP level 3. HP: 25/27 MP: 3/3
   783 | D:2      | Reached skill level 5 in Dodging
   887 | D:2      | Reached XP level 4. HP: 27/33 MP: 4/4
  1396 | D:2      | Found a sacrificial altar of Ru.
  1582 | D:3      | Found a stormy altar of Qazlal.
  1623 | D:3      | Reached XP level 5. HP: 33/38 MP: 5/5
  2024 | D:3      | Noticed Leybi's ghost (amateur MiFi)
  2105 | D:3      | Killed Leybi's ghost
  2105 | D:3      | Reached XP level 6. HP: 44/44 MP: 6/6
  2465 | D:3      | Reached skill level 1 in Stealth
  2493 | D:3      | Reached XP level 7. HP: 37/51 MP: 7/7
  3177 | D:3      | Gained mutation: Your mind is acute. (Int +2) [potion of beneficial mutation]
  3367 | D:4      | Identified the Tome of Supportive Cold
  3523 | D:4      | Reached XP level 8. HP: 51/60 MP: 8/8
  3568 | D:4      | Reached skill level 10 in Polearms
  3593 | D:4      | Found a staircase to the Ecumenical Temple.
  3646 | Temple   | Entered the Ecumenical Temple
  3770 | Temple   | Became a worshipper of Yredelemnul the Dark
  3794 | D:4      | Learned a level 1 spell: Summon Small Mammal
  4014 | D:5      | Entered Level 5 of the Dungeon
  4041 | D:5      | Noticed Sigmund
  4098 | D:5      | Noticed Eustachio
  4111 | D:5      | Killed Eustachio
  4111 | D:5      | Reached skill level 1 in Spellcasting
  4111 | D:5      | Reached skill level 1 in Summonings
  4130 | D:5      | Learned a level 3 spell: Call Canine Familiar
  4280 | D:5      | Killed Sigmund
  4358 | D:5      | Found a white marble altar of Elyvilon.
  4524 | D:5      | Noticed Prince Ribbit
  4532 | D:5      | Killed Prince Ribbit
  4532 | D:5      | Reached skill level 1 in Slings
  4888 | D:6      | Reached XP level 9. HP: 56/65 MP: 13/13
  4949 | D:6      | Found a shattered altar of Ashenzari.
  4966 | D:6      | Reached * piety under Yredelemnul
  5068 | D:6      | Found a glowing silver altar of Zin.
  5070 | D:6      | Noticed an angel
  5085 | D:6      | Found a shimmering altar of Xom.
  5215 | D:6      | Found a blossoming altar of Fedhas.
  5215 | D:6      | Found a stormy altar of Qazlal.
  5707 | D:7      | Found a deep blue altar of Sif Muna.
  5765 | D:7      | Reached skill level 5 in Summonings
  5949 | D:7      | Reached skill level 5 in Spellcasting
  6084 | D:7      | Reached XP level 10. HP: 59/71 MP: 17/17
  6149 | D:7      | Reached ** piety under Yredelemnul
  6494 | D:7      | Found a hazy altar of Hepliaklqana.
  6494 | D:7      | Found an iron altar of Okawaru.
  6980 | D:8      | Reached skill level 5 in Fighting
  7299 | D:8      | Noticed Erica
  7306 | D:8      | Killed Erica
  7306 | D:8      | Reached skill level 10 in Dodging
  7450 | D:8      | Found an opulent altar of Gozag.
  7453 | D:8      | Found an ancient bone altar of Kikubaaqudgha.
  7453 | D:8      | Found a snail-covered altar of Cheibriados.
  7848 | D:8      | Found a staircase to the Lair.
  7859 | Lair:1   | Entered Level 1 of the Lair of Beasts
  7978 | Lair:1   | Learned a level 1 spell: Summon Butterflies
  8122 | Lair:1   | Noticed an oklob plant
  8123 | Lair:1   | Found a shimmering altar of Xom.
  8223 | Lair:1   | Reached XP level 11. HP: 81/83 MP: 18/18
  8485 | Lair:1   | Reached *** piety under Yredelemnul
  8838 | Lair:2   | Noticed a seven-headed hydra
  9084 | Lair:2   | Reached skill level 5 in Slings
  9099 | Lair:2   | Reached skill level 5 in Invocations
  9109 | Lair:2   | Received a gift from Yredelemnul (a mummy)
  9141 | Lair:2   | Reached **** piety under Yredelemnul
  9931 | Lair:2   | Killed a seven-headed hydra
  9981 | Lair:2   | Reached XP level 12. HP: 85/92 MP: 17/19
 10019 | Lair:2   | Received a gift from Yredelemnul (a mummy)
 10159 | Lair:3   | HP: 4/92 [basilisk (5)]
 10160 | Lair:3   | HP: 1/92 [wolf (3)]
 10160 | Lair:3   | Slain by a polar bear

Skill      XL: |  1  2  3  4  5  6  7  8  9 10 11 |
---------------+----------------------------------+-----
Polearms       | 5 6 8 9 11 | 11.3
Dodging        | 5 6 7 11 | 11.5
Stealth        | 1 3 |  3.1
Fighting       | 3 4 6 7 |  7.9
Spellcasting   | 3 5 |  5.0
Summonings     | 3 5 |  5.3
Slings         | 1 3 6 |  6.7
Shields        | 3 4 |  4.2
Invocations    | 6 |  6.1
Throwing       | |  2.0

Action                   |  1- 3 |  4- 6 |  7- 9 | 10-12 || total
-------------------------+-------+-------+-------+-------++-------
Melee: Trident           |   116 |   178 |    89 |    46 ||   429
       Tailslap          |       |     1 |       |       ||     1
 Fire: Hunting sling     |       |    70 |   335 |   365 ||   770
 Cast: Summon Small Mamm |       |       |     1 |       ||     1
       Call Canine Famil |       |       |       |     2 ||     2
Invok: Animate Dead      |       |       |       |     9 ||     9
Evoke: Wand              |       |       |       |     4 ||     4
  Use: Scroll            |       |     3 |     9 |    14 ||    26
       Potion            |       |       |     4 |     1 ||     5
 Stab: Sleeping          |     2 |       |       |     2 ||     4
       Distracted        |       |     1 |       |     3 ||     4
  Eat: Chunk             |       |     5 |    11 |    16 ||    32
Armor: Leather armour    |    22 |    29 |    46 |     1 ||    98
       Skin              |       |       |    20 |       ||    20
       Scale mail        |       |       |     6 |       ||     6
       Steam dragon scal |       |       |       |    14 ||    14
       Robe              |       |       |       |    35 ||    35
Dodge: Dodged            |    53 |   129 |   178 |   127 ||   487
Block: Buckler           |       |       |       |    61 ||    61
       Reflection        |       |       |       |     3 ||     3
